Map: Pillars of Gold LE

Players

LOTB - Winner!

  • Race: Terran Terran
  • League: Master
  • Spawn Location: 1:00

DeathByToss

  • Race: Protoss Protoss
  • League: Master
  • Spawn Location: 7:00

VOD

Have the link to the VOD?

Description

Time

  • Played on: Dec. 9, 2020, 7:52 p.m.
  • Length: 12:29
Show
View Real Time Build Order
Export as new Build Order

LOTB Terran - Winner!

Build Orders: Gas First Reaper Expand 

Get SALT Encoding   

  12  0:00  SCV  
  13  0:12  SCV  
  14  0:18  Supply Depot  
  14  0:24  SCV  
  15  0:28  Refinery  
  15  0:39  SCV  
  16  0:46  Barracks  
  16  0:52  SCV  
  17  1:07  SCV  
  18  1:11  Supply Depot  
  18  1:19  SCV  
  19  1:37  Reaper  
  20  1:40  Orbital Command  
  20  2:07  Command Center  
  20  2:09  SCV  
  20  2:11  Barracks Reactor  
  22  2:22  SCV  
  22  2:30  Bunker  
  22  2:34  SCV  
  23  2:42  Refinery  
  23  2:43  Factory  
  23  2:47  SCV  
  24  2:52  Marine x2  
  26  2:59  SCV  
  26  3:03  Supply Depot  
  27  3:10  Marine x2  
  27  3:11  SCV  
  30  3:20  Orbital Command  
  30  3:25  Engineering Bay  
  30  3:26  SCV  
  31  3:32  Factory Tech Lab  
  30  3:35  Marine  
  30  3:38  SCV  
  32  3:46  SCV  
  32  3:51  Cyclone  
  29  4:05  SCV x2  
  31  4:10  Marine  
  31  4:11  Missile Turret  
  31  4:16  Supply Depot  
  31  4:26  Cyclone  
  33  4:34  Barracks Tech Lab  
  33  4:39  SCV x2  
  33  4:41  Missile Turret  
  35  5:02  Factory Tech Lab, Missile Turret  
  35  5:05  SCV x2  
  34  5:10  Marine, Stimpack  
  34  5:12  Starport  
  33  5:18  SCV x2  
  34  5:28  Marine  
  32  5:29  Cyclone  
  32  5:30  SCV x2  
  37  5:42  SCV  
  38  5:46  Barracks  
  38  5:47  Supply Depot  
  38  5:56  Starport Reactor  
  38  6:08  Marine, SCV x2, Cyclone  
  38  6:09  Supply Depot  
  44  6:20  Missile Turret, SCV  
  45  6:26  SCV, Command Center  
  45  6:28  Barracks  
  45  6:31  Marine  
  47  6:37  SCV  
  47  6:38  SCV  
  49  6:41  Barracks Reactor  
  49  6:46  Siege Tank  
  52  6:48  Barracks  
  52  6:52  Marine, Combat Shield  
  53  6:55  SCV  
  54  7:06  Terran Infantry Weapons Level 1, Supply Depot  
  54  7:07  Supply Depot  
  54  7:22  Starport Reactor  
  54  7:27  Factory Reactor  
  54  7:28  SCV x2  
  54  7:29  Barracks  
  56  7:31  Marine x2  
  56  7:32  Marauder x2  
  56  7:34  Concussive Shells  
  62  7:40  SCV  
  62  7:42  SCV, Orbital Command  
  64  7:52  Engineering Bay, Armory  
  64  7:57  Marine x3  
  69  7:58  Marauder  
  69  7:59  Marauder  
  69  8:03  Medivac  
  73  8:06  SCV, Refinery x2  
  73  8:11  Missile Turret  
  74  8:13  Marine, Bunker  
  77  8:20  Marauder  
  77  8:21  Widow Mine x2  
  77  8:25  Marine x3  
  77  8:26  Barracks Tech Lab  
  84  8:34  Marine x2  
  79  8:40  Marine  
  66  8:42  Marine  
  66  8:43  Marine x2  
  50  8:54  Marine x2  
  50  8:55  Marauder  
  50  8:57  SCV  
  51  9:07  SCV x2  
  51  9:09  SCV  
  47  9:20  Marine, Widow Mine x2  
  52  9:25  SCV  
  52  9:26  SCV  
  52  9:30  Marine  
  55  9:36  SCV  
  55  9:38  Bunker  
  56  9:39  SCV x2  
  56  9:44  Widow Mine  
  60  9:48  SCV  
  60  9:50  Missile Turret  
  60  9:51  SCV  
  62  9:54  Marine x3  
  62  9:57  SCV  
  66  10:00  SCV  
  66  10:01  Terran Infantry Armor Level 1  
  66  10:03  SCV  
  68  10:08  Marine  
  68  10:09  SCV, Marauder  
  72  10:14  Marine x3  
  72  10:16  SCV  
  75  10:29  Marine x3  
  75  10:30  Marauder  
  75  10:31  SCV  
  75  10:32  SCV  
  82  10:38  Marine  
  83  10:45  Supply Depot  
  83  10:46  Supply Depot  
  83  10:48  Marauder  
  85  11:06  Marine x4  
  85  11:07  Marine, SCV x2, Marauder  
  85  11:09  Marauder  
  85  11:10  Supply Depot  
  85  11:11  SCV  
  97  11:19  SCV  
  97  11:24  Marine  
  97  11:26  Marine  
  97  11:27  Marine x3  
  97  11:32  Marauder  
  103  11:38  Marine  
  100  11:45  Marauder  
  100  11:47  Marine x2  
  102  11:49  Medivac  
  102  11:53  Marauder  
  107  11:56  Marauder  
  107  12:00  Marine x2  
  105  12:04  Marine x2  
  105  12:07  SCV x2  
  109  12:11  SCV  
  109  12:20  Supply Depot  
Show
View Real Time Build Order
Export as new Build Order

DeathByToss Protoss 

Build Orders: Proxy Void Ray 

Get SALT Encoding   

  12  0:01  Probe  
  13  0:14  Probe  
  14  0:20  Pylon  
  14  0:26  Probe  
  15  0:38  Probe (Chrono Boost)  
  16  0:45  Gateway  
  16  0:48  Assimilator  
  16  0:56  Pylon  
  16  0:58  Probe  
  17  1:10  Probe  
  18  1:15  Gateway  
  18  1:21  Assimilator  
  17  1:26  Probe  
  18  1:32  Cybernetics Core  
  18  1:38  Probe  
  19  1:48  Pylon  
  19  1:53  Probe  
  20  2:05  Probe  
  21  2:10  Stargate  
  21  2:11  Adept (Chrono Boost)  
  23  2:17  Probe  
  24  2:29  Probe  
  25  2:36  Adept  
  27  2:39  Pylon  
  27  2:46  Void Ray (Chrono Boost)  
  27  2:57  Probe  
  32  3:06  Shield Battery  
  32  3:13  Void Ray (Chrono Boost)  
  32  3:23  Shield Battery  
  36  3:37  Pylon  
  36  3:42  Pylon  
  36  3:43  Void Ray  
  38  4:20  Void Ray  
  38  4:37  Probe  
  35  4:41  Nexus  
  34  4:59  Void Ray  
  34  5:02  Warp Gate (Chrono Boost)  
  34  5:14  Pylon, Probe  
  35  5:15  Twilight Council  
  35  5:36  Void Ray  
  35  5:38  Probe  
  35  5:42  Gateway  
  40  5:50  Gateway  
  40  5:53  Shield Battery  
  40  5:59  Probe  
  40  6:02  Charge (Chrono Boost), Probe  
  42  6:16  Robotics Facility  
  42  6:25  Gateway  
  38  6:40  Probe, Gateway  
  38  6:41  Gateway  
  39  6:49  Zealot x2  
  39  6:51  Zealot  
  45  6:58  Gateway  
  45  7:02  Pylon  
  45  7:03  Probe  
  46  7:13  Warp Prism (Chrono Boost)  
  48  7:20  Pylon  
  48  7:23  Zealot  
  48  7:24  Zealot  
  52  7:32  Zealot  
  52  7:33  Zealot  
  56  7:37  Zealot  
  56  7:43  Zealot  
  60  7:44  Zealot  
  60  7:51  Zealot  
  64  7:52  Zealot  
  64  7:54  Probe  
  67  7:58  Pylon  
  67  8:11  Pylon  
  67  8:15  Zealot  
  67  8:16  Zealot  
  67  8:17  Zealot  
  67  8:18  Pylon  
  63  8:35  Zealot x3  
  63  8:36  Zealot  
  63  8:41  Zealot  
  55  8:49  Dark Shrine  
  55  8:58  Zealot x2  
  41  9:11  Zealot  
  41  9:12  Zealot x4  
  41  9:16  Probe  
  41  9:17  Probe  
  43  9:30  Observer (Chrono Boost)  
  44  9:48  Nexus  
  44  9:49  Zealot  
  44  9:50  Zealot x2  
  50  10:04  Dark Templar  
  50  10:06  Pylon  
  52  10:12  Assimilator, Probe  
  53  10:17  Assimilator  
  53  10:21  Probe  
  52  10:33  Pylon  
  50  10:36  Dark Templar x2  
  50  10:37  Zealot  
  50  10:39  Warp Prism (Chrono Boost)  
  58  10:46  Probe  
  59  10:51  Archon  
  59  10:52  Zealot  
  59  10:56  Dark Templar  
  63  10:59  Probe  
  64  11:08  Archon  
  64  11:16  Stalker x2  
  68  11:22  Dark Templar  
  47  11:37  Dark Templar x2  
  49  11:40  Nexus  
  49  11:45  Stalker  
  45  11:59  Pylon  
  45  12:01  Forge  
  34  12:05  Probe x2  
  27  12:14  Dark Templar  
Tags
 
Add a new tag
Caveats
  • Supply blocks, unpowered buildings, or Contaminate may cause inaccurate times.
  • Supply counts are checked every 10 seconds.